 Dungeon Sprint DCSS version 0.17-a0-1435-geafbe2f (webtiles) character file.

996 emikaela the Covert (level 7, -19/39 HPs)
             Began as a Spriggan Enchanter on June 26, 2015.
             Was an Initiate of Nemelex Xobeh.
             Killed by an exploding giant spore (34 damage)
             ... in the Dungeon (Sprint I: "Red Sonja").
             The game lasted 00:08:46 (407 turns).

emikaela the Covert (Spriggan Enchanter)             Turns: 407, Time: 00:08:46

Health: -19/39     AC:  3    Str:  4    XL:     7   Next: 99%
Magic:  14/14      EV: 23    Int: 19    God:    Nemelex Xobeh [......]
Gold:   405        SH:  0    Dex: 16    Spells: 5 memorised, 3 levels left

rFire  . . .     SeeInvis +     a - +1 dagger
rCold  . . .     Clarity  .     m - +1 robe
rNeg   . . .     SustAt   .     (shield restricted)
rPois  .         Gourm    .     (helmet restricted)
rElec  .         Spirit   .     (no cloak)
rCorr  .         Warding  .     (gloves unavailable)
rMut   .         NoTele   +     (boots unavailable)
MR     +....                    (no amulet)
Stlth  ++........               (no ring)
                                (no ring)

@: confused, very quick, somewhat resistant to hostile enchantments, unstealthy
A: unfitting armour, see invisible, herbivore 3, speed 3, slow metabolism 2
a: Renounce Religion


You were in the Dungeon.
You worshipped Nemelex Xobeh.
Nemelex Xobeh was noncommittal.
You were not hungry.

You visited 1 branch You collected 405 gold pieces.

Inventory:

Hand weapons
 a - a +1 dagger (weapon)
 b - a +8 blowgun
 n - a +0 short sword of distortion
Missiles
 l - 6 curare-tipped needles
Armour
 m - a +1 robe (worn)
Scrolls
 j - a scroll of blinking
Potions
 e - 2 potions of curing
 f - a potion of heal wounds
 g - a potion of haste
 h - 2 potions of magic
 i - a potion of berserk rage
Books
 c - a book of Maledictions
Miscellaneous
 k - a plain deck of destruction
Comestibles
 d - a bread ration


   Skills:
 + Level 5.1 Fighting
 - Level 10.7 Short Blades
 - Level 7.6 Dodging
 + Level 11.4 Stealth
 - Level 4.5 Spellcasting
 - Level 1.6 Conjurations
 + Level 10.7 Hexes
 - Level 1.9 Ice Magic
 * Level 0.0 Evocations


You had 3 spell levels left.
You knew the following spells:

 Your Spells              Type           Power        Failure   Level  Hunger
a - Corona                Hex            #####..      1%          1    None
b - Ensorcelled Hibernat  Hex/Ice        ####..       1%          2    #......
c - Confuse               Hex            #####...     1%          3    ###....
d - Dazzling Spray        Conj/Hex       ####....     3%          3    ###....
e - Tukima's Dance        Hex            #####...     1%          3    ###....


Dungeon Overview and Level Annotations

Branches:
Dungeon (1/1)

Altars:
Elyvilon
Gozag
Kikubaaqudgha
Makhleb
Nemelex Xobeh
Okawaru
Qazlal
Ru
Sif Muna
Trog
Vehumet
Xom
Yredelemnul
Zin
The Shining One

Shops:
D ==


Innate Abilities, Weirdness & Mutations

You are tiny and cannot use many weapons and most armour.
You have supernaturally acute eyesight.
You are a herbivore.
You cover ground extremely quickly.
You need consume almost no food.


Message History

Adjust (i)tems, (s)pells, or (a)bilities?
Adjust which item? (? for menu, Esc to quit)
m - a glowing blowgun Adjust to which letter? (? for menu, Esc to quit)
b - a glowing blowgun;
m - a +1 robe (worn)
You open the door. 2 giant spores come into view.
A ballistomycete grows in the wake of the giant spore.
The giant spore explodes!
The explosion of spores engulfs the giant spore.
The giant spore explodes!
The explosion of spores engulfs the ballistomycete.
The explosion of spores engulfs you!
You are confused.
Ouch! That really hurt!
The explosion of spores engulfs you!
You are more confused.
Ouch! That really hurt!
You die...
Your body disappears without a glow.

#..#__####..##[#
#..#_..__##'#..+
#⌠⌠#_.∩...'..._#
####_..._##_.#+#
#_____###'#
############.##
#∩^.......'...+
###++++####...#
##@## #'#


!$P $((($ ####### You could see an active ballistomycete.

Vanquished Creatures
  Sonja (D)
  Sigmund (D)
  A yak (D)
  An ogre (D)
  A jelly (D)
  Ijyb (D)
6 creatures vanquished.

Vanquished Creatures (others)
  A giant spore (D)
1 creature vanquished.

Grand Total: 7 creatures vanquished

Notes
Turn   | Place    | Note
--------------------------------------------------------------
     0 | D        | emikaela the Spriggan Enchanter began the quest for the Orb.
     0 | D        | Reached XP level 1. HP: 9/9 MP: 5/5
     1 | D        | Noticed Ijyb
    10 | D        | Killed Ijyb
    10 | D        | Reached skill level 6 in Stealth
    10 | D        | Reached skill level 5 in Hexes
    10 | D        | Reached XP level 2. HP: 10/13 MP: 6/6
    14 | D        | Learned a level 2 spell: Ensorcelled Hibernation
    86 | D        | Noticed an ogre
    89 | D        | Killed an ogre
    89 | D        | Reached skill level 1 in Fighting
    89 | D        | Reached skill level 5 in Short Blades
    89 | D        | Reached skill level 7 in Stealth
    89 | D        | Reached skill level 1 in Ice Magic
    89 | D        | Reached XP level 3. HP: 15/18 MP: 5/8
    89 | D        | Reached XP level 4. HP: 19/23 MP: 5/9
    95 | D        | Learned a level 3 spell: Confuse
   148 | D        | Noticed Sigmund
   153 | D        | Killed Sigmund
   153 | D        | Reached skill level 8 in Stealth
   153 | D        | Reached skill level 9 in Hexes
   153 | D        | Reached XP level 5. HP: 26/28 MP: 6/12
   153 | D        | Reached XP level 6. HP: 29/32 MP: 6/13
   158 | D        | Learned a level 3 spell: Dazzling Spray
   162 | D        | Learned a level 3 spell: Tukima's Dance
   228 | D        | Found a deep blue altar of Sif Muna.
   229 | D        | Noticed a jelly
   230 | D        | Found a radiant altar of Vehumet.
   234 | D        | Killed a jelly
   258 | D        | Found Alajereg's Jewellery Emporium.
   258 | D        | Found a white marble altar of Elyvilon.
   258 | D        | Found a stormy altar of Qazlal.
   258 | D        | Found a basalt altar of Yredelemnul.
   258 | D        | Found an iron altar of Okawaru.
   258 | D        | Found a sparkling altar of Nemelex Xobeh.
   258 | D        | Found a shimmering altar of Xom.
   258 | D        | Found an ancient bone altar of Kikubaaqudgha.
   258 | D        | Noticed a yak
   259 | D        | Found a burning altar of Makhleb.
   259 | D        | Found a sacrificial altar of Ru.
   259 | D        | Found a glowing golden altar of the Shining One.
   259 | D        | Found an opulent altar of Gozag.
   259 | D        | Found a glowing silver altar of Zin.
   260 | D        | Killed a yak
   260 | D        | Reached skill level 1 in Conjurations
   261 | D        | Found a bloodstained altar of Trog.
   294 | D        | Became a worshipper of Nemelex Xobeh the Trickster
   300 | D        | Received a gift from Nemelex Xobeh
   300 | D        | Noticed Sonja
   304 | D        | Killed Sonja
   304 | D        | Reached skill level 5 in Fighting
   304 | D        | Reached skill level 10 in Short Blades
   304 | D        | Reached skill level 11 in Stealth
   304 | D        | Reached skill level 10 in Hexes
   304 | D        | Reached XP level 7. HP: 36/39 MP: 14/14
   346 | D        | Found Bidaig's Jewellery Boutique.
   407 | D        | Killed by an exploding giant spore

Vault maps used:
D:        dungeon_sprint_1

Action                   |  1- 3 |  4- 6 |  7- 9 || total
-------------------------+-------+-------+-------++-------
Melee: Dagger            |     8 |     5 |       ||    13
 Cast: Ensorcelled Hiber |     1 |       |       ||     1
       Confuse           |       |     1 |       ||     1
 Stab: Sleeping          |     2 |     3 |       ||     5
       Confused          |       |     1 |       ||     1
